 Dungeon Crawl Stone Soup version 0.31-a0-844-gdc52ec4e09 (webtiles) character file.

Game seed: 16300411307767579323

210 BinkBink the Trooper (level 5, -1/47 HPs)
             Began as a Draconian Berserker on Sept 28, 2023.
             Was a Priest of Trog.
             Slain by Pikel
             ... wielding a +2 whip of freezing
              (2 damage)
             ... on level 4 of the Dungeon.
             The game lasted 00:06:11 (3473 turns).

BinkBink the Trooper (Draconian Berserker)          Turns: 3473, Time: 00:06:14

Health: -1/47      AC:  5    Str: 19    XL:     5   Next: 56%
Magic:  5/5        EV: 11    Int:  7    God:    Trog [***...]
Gold:   184        SH:  7    Dex: 13    Spells: 4/4 levels left

rFire   . . .        a - +0 spear
rCold   . . .        m - +0 kite shield
rNeg    . . .        (body armour unavailable)
rPois   +            (helmet restricted)
rElec   .            (no cloak)
rCorr   .            (no gloves)
SInv    .            (no boots)
Will    .....        (no amulet)
Stlth   +            d - ring of poison resistance
HPRegen 0.27/turn    (no ring)
MPRegen 0.09/turn

%: no passive effects
@: about to teleport, slowed, very slow
A: AC +5, unfitting armour, cold-blooded
a: Renounce Religion, Berserk, Trog's Hand


You were on level 4 of the Dungeon.
You worshipped Trog.
Trog was most pleased with you.
You visited 2 branches of the dungeon, and saw 5 of its levels.

You collected 261 gold pieces.
You spent 77 gold pieces at shops.

Inventory:

Hand Weapons
 a - a +0 spear (weapon)
Armour
 m - a +0 kite shield (worn)
Jewellery
 d - a ring of poison resistance (left hand)
 n - a ring of fire
Scrolls
 b - 7 scrolls of identify
 g - a scroll of teleportation
 h - a scroll of immolation {unknown}
 k - a scroll of revelation {unknown}
 l - a scroll of amnesia {unknown}
 o - a scroll of brand weapon {unknown}
 q - a scroll of vulnerability {unknown}
 r - a scroll of summoning {unknown}
 s - a scroll of fog {unknown}
Potions
 c - 2 potions of attraction {unknown}
 e - a potion of berserk rage {unknown}
 f - a potion of invisibility {unknown}
 i - 2 potions of curing {unknown}
 j - a potion of brilliance {unknown}
 p - 2 potions of heal wounds {unknown}


   Skills:
 + Level 4.8 Fighting
 + Level 4.2 Polearms
 + Level 3.8 Dodging
 + Level 1.0 Shields


You had 4 spell levels left.
You didn't know any spells.
Your spell library was empty.

Dungeon Overview and Level Annotations

Branches:
Dungeon (4/15)             Temple (1/1) D:4

Altars:
Dithmenos
Elyvilon
Fedhas
Gozag
Makhleb
Nemelex Xobeh
Okawaru
Qazlal
Sif Muna
Trog
Uskayaw
Vehumet
Wu Jian
Xom
Zin
The Shining One

Shops:
D:1 ?   D:2 =

Annotations:
D:4 Pikel


Innate Abilities, Weirdness & Mutations

Your plain brown scales are hard. (AC +5)
You cannot fit into any form of body armour.
You are cold-blooded and may be slowed by cold attacks.


Message History

That felt strangely unrewarding.
HP restored.
Pikel, Merchant of Souls comes into view.
He is wielding a +2 whip of freezing.
Pikel shouts!
There is an escape hatch in the floor here.
You hit Pikel.
Pikel is lightly wounded.
Pikel hits you with a +2 whip of freezing.
You feel yourself slow down. Pikel freezes you.
You closely miss Pikel.
Your tail-slap misses Pikel.
Pikel is lightly wounded.
Pikel hits you with a +2 whip of freezing!
You feel as though you will be slow longer.
Pikel freezes you.
You hit Pikel but do no damage.
Your tail-slap misses Pikel.
Pikel is lightly wounded.
You block Pikel's attack.
Pikel hits you with a +2 whip of freezing.
Pikel freezes you.
You hit Pikel but do no damage.
Pikel is lightly wounded.
You block Pikel's attack.
You hit Pikel.
Pikel is moderately wounded.
You feel yourself speed up.
Pikel hits you with a +2 whip of freezing.
You feel yourself slow down. Pikel freezes you.
Pikel checks his coin pouch and frowns.
Pikel hits you with a +2 whip of freezing!
* * * LOW HITPOINT WARNING * * *
Pikel freezes you.
* * * LOW HITPOINT WARNING * * *
As you read the scroll of teleportation, it crumbles to dust.
You feel strangely unstable.
Pikel hits you with a +2 whip of freezing!
* * * LOW HITPOINT WARNING * * *
You feel as though you will be slow longer.
Pikel freezes you.
You die...
Pikel says, "Another soul for the market."

........†...######..........#####
......#..##<### #K.......[.#....
.......#..#5..# #..........#....
..........#.#.# #...............
......###.....# #.#########<..5.
[....## ###...# #># #.###. ....##
#...# ##5# #.# #. #####
#..####K.# ##.# #. #.....@.##
##..# #5 ###################
#..## #. .................#
#####.### #5
..#...#...#...#..#####...:...# ..
................_#...........# .5
..#...#...#...#..#.##........#.
.................#..............
###################.#........#...
#......................#######...


You could see Pikel and a lemure (wandering).

Vanquished Creatures
  2 lemures (D:4)
  2 orc priests
  5 adders
  An ufetubus (D:4)
  3 worms
  2 dart slugs
  7 orcs (D:3)
  7 ball pythons
  3 bats
  13 endoplasms
  4 giant cockroaches
  4 goblins
  10 hobgoblins
  3 jackals (D:1)
  5 frilled lizards
  4 kobolds
  3 rats
78 creatures vanquished.

Notes
Turn   | Place    | Note
-------+----------+-------------------------------------------
     0 | D:1      | BinkBink the Draconian Berserker began the quest for the
                  | Orb.
     0 | D:1      | Reached XP level 1. HP: 19/19 MP: 1/1
    72 | D:1      | Reached XP level 2. HP: 13/26 MP: 2/2
   164 | D:1      | Found Latit's Magic Scroll Emporium.
   733 | D:1      | Reached XP level 3. HP: 33/33 MP: 3/3
  1240 | D:2      | Found Kasken's Jewellery Emporium.
  1468 | D:2      | Reached ** piety under Trog
  1970 | D:1      | Bought a scroll of identify for 22 gold pieces
  1970 | D:1      | Bought a scroll of teleportation for 33 gold pieces
  1970 | D:1      | Bought a scroll of identify for 22 gold pieces
  2128 | D:3      | Reached XP level 4. HP: 23/40 MP: 4/4
  2738 | D:3      | Reached XP level 5. HP: 31/47 MP: 5/5
  2833 | D:4      | Found a radiant altar of Vehumet.
  3031 | D:4      | Reached *** piety under Trog
  3153 | D:4      | Noticed a lemure
  3153 | D:4      | Noticed a lemure
  3154 | D:4      | Noticed a lemure
  3220 | D:4      | Found a staircase to the Ecumenical Temple.
  3229 | Temple   | Entered the Ecumenical Temple
  3305 | D:4      | Reached skill level 1 in Shields
  3307 | D:4      | Found a stormy altar of Qazlal.
  3389 | D:4      | Killed a lemure
  3403 | D:4      | Killed a lemure
  3459 | D:4      | Noticed Pikel
  3473 | D:4      | HP: 1/47 [Pikel/+2 whip of freezing (7)]
  3473 | D:4      | Slain by Pikel

Illustrated notes

Levels and vault maps discovered:
D:1:      lightli_arrival_flooded_house, layout_loops_cross, serial_shops,
          nicolae_shop_just_a_little_nook
D:2:      layout_basic, serial_shops, nicolae_shop_tiny_glass
D:3:      layout_rooms
D:4:      layout_rooms, nicolae_overflow_crystal_walls,
          lemuel_coloured_pillars_altar, minmay_temple_entry_overgrown,
          uniq_pikel
Temple:   jpeg_temple_clearing

Skill      XL: |  1  2  3  4  5 |
---------------+----------------+-----
Dodging        | 3 |  3.8
Fighting       | 4 |  4.8
Polearms       | 4 |  4.2
Shields        | 1 |  1.0

Action                     |  1- 3 |  4- 6 || total
---------------------------+-------+-------++-------
  Melee: Spear             |   143 |   140 ||   283
         Tailslap          |    18 |    19 ||    37
         Punch             |     1 |     1 ||     2
    Use: Scroll            |       |     1 ||     1
   Stab: Sleeping          |     3 |     1 ||     4
 Armour: Skin              |    51 |    71 ||   122
  Dodge: Dodged            |    48 |    57 ||   105
  Block: Kite shield       |       |    33 ||    33

Table legend: (Time is in decaauts)
 A = Elapsed time spent in this place.
 B = Non-inter-level travel time spent in this place.
 C = Inter-level travel time spent in this place.
 D = Time resting spent in this place.
 E = Time spent auto-exploring this place.
 F = Levels seen in this place.
 G = Mean time per level.
                   A        B        C        D        E       F      G
               +--------+--------+--------+--------+--------+-----+--------+
         Total |   3468 |   3239 |    229 |    100 |   2543 |   5 |  693.6 |
       Dungeon |   3436 |   3207 |    229 |    100 |   2543 |   4 |  859.0 |
        Temple |     31 |     31 |      0 |      0 |      0 |   1 |   31.0 |
               +--------+--------+--------+--------+--------+-----+--------+

Top non-repeatable levels by time:
     D:2: 1153 daAuts
     D:1: 903 daAuts
     D:3: 749 daAuts
     D:4: 629 daAuts
  Temple: 31 daAuts
